[ AOE2 MATCH · #481778262 ]
UnrankedTeutons vs Bohemians
[ REPLAY ANALYSIS · EXTRACTED FROM THE RECORDED GAME ]
Feudal
9:48
Castle
32:16
Imperial
—
| APM avg | 9.3 |
| APM peak | 20 |
| eAPM avg | 7.2 |
| Villagers / military | 42 / 28 |
Focus
⚔️ 20.7% · 🌾 79.3%
Spearman ×28
Feudal
—
Castle
—
Imperial
—
| APM avg | 12.1 |
| APM peak | 73 |
| eAPM avg | 9.7 |
| Villagers / military | 49 / 2 |
Focus
⚔️ 19.1% · 🌾 80.9%
Petard ×1 · Organ Gun ×1
Feudal
13:10
Castle
25:27
Imperial
—
| APM avg | 10.1 |
| APM peak | 32 |
| eAPM avg | 6.3 |
| Villagers / military | 82 / 59 |
Focus
⚔️ 28.4% · 🌾 71.6%
Spearman ×30 · Archer ×18 · Battering Ram ×5 · Hussite Wagon ×4 · Militia ×2
Feudal
12:28
Castle
26:11
Imperial
37:49
| APM avg | 9.3 |
| APM peak | 34 |
| eAPM avg | 8.1 |
| Villagers / military | 72 / 51 |
Focus
⚔️ 25.1% · 🌾 74.9%
Militia ×22 · Berserk ×10 · Archer ×5 · Skirmisher ×5 · Battering Ram ×5 · Petard ×2
Match map
Initial resources + every placement click. Lines = walls · curves = elevation contours. ◆ gold · ⬟ stone · ● berries · ✦ relic · ◌ wall gap
Your base· ✓ Closed at 32:16 · 122t walls · 2 gate(s)
MadruGangster's base· ✓ Closed at 18:55 · 65t walls · 2 gate(s)
eduardogt75's base· ✓ Closed at 25:27 · 0t walls · 2 gate(s)
guilleaj's base· ✓ Closed at 26:11 · 0t walls · 2 gate(s)
Smoothed initial terrain · ◌ = detected wall gap · hover for details
Inputs per minute
— helô - - MadruGangster
Build order — helô
88 actions detected in the replay
| 0:02 | Research | Loom |
| 0:02 | Create | Villager (Male) |
| 0:03 | Create | Villager (Male) |
| 0:03 | Create | Villager (Male) |
| 0:21 | Create | Villager (Male) |
| 0:52 | Build | House |
| 1:24 | Build | House |
| 1:24 | Build | House |
| 1:25 | Build | House |
| 2:02 | Create | Villager (Male) |
| 3:10 | Create | Villager (Male) ×2 |
| 3:54 | Build | Mill |
| 4:16 | Create | Villager (Male) |
| 4:17 | Create | Villager (Male) |
| 5:15 | Create | Villager (Male) |
| 5:15 | Create | Villager (Male) |
| 6:15 | Build | Lumber Camp |
| 7:38 | Research | Feudal Age |
| 9:21 | Create | Villager (Male) |
| 9:37 | Build | House |
| 9:38 | Build | House |
| 9:39 | Build | House |
| 9:41 | Build | House |
| 9:42 | Build | House |
| 9:43 | Build | House |
| 9:48 | Age | Feudal Age |
| 10:01 | Research | Horse Collar |
| 10:03 | Research | Double-Bit Axe |
| 10:18 | Build | Farm |
| 10:31 | Create | Villager (Male) ×4 |
| 11:05 | Build | Mining Camp |
| 12:26 | Research | Wheelbarrow |
| 12:26 | Research | Town Watch |
| 13:44 | Create | Villager (Male) ×3 |
| 15:26 | Build | Market |
| 15:34 | Build | Blacksmith |
| 16:02 | Build | Farm |
| 16:14 | Create | Villager (Male) ×5 |
| 16:44 | Build | Mining Camp |
| 17:14 | Build | Barracks |
| 17:17 | Build | Barracks |
| 18:09 | Create | Spearman ×5 |
| 18:12 | Research | Man-at-Arms (upgrade) |
| 18:12 | Research | Arson |
| 18:32 | Build | Mill |
| 20:21 | Create | Spearman ×5 |
| 21:01 | Build | Stone Wall |
| 22:00 | Create | Villager (Male) ×5 |
| 23:04 | Create | Spearman ×4 |
| 23:41 | Build | Farm |
| 23:44 | Build | Farm |
| 24:34 | Create | Villager (Male) ×5 |
| 24:49 | Build | Stone Wall |
| 25:19 | Build | Farm |
| 25:21 | Build | Farm |
| 25:23 | Build | Farm |
| 25:24 | Build | Farm |
| 25:25 | Build | Farm |
| 25:28 | Build | Farm |
| 25:29 | Build | Farm |
| 25:57 | Build | Watch Tower |
| 26:02 | Build | Watch Tower |
| 26:28 | Build | Stone Wall |
| 26:42 | Build | Farm |
| 26:43 | Build | Farm |
| 26:45 | Build | Farm |
| 26:50 | Build | Farm |
| 27:39 | Build | Stone Wall |
| 29:36 | Research | Castle Age |
| 30:35 | Build | Barracks |
| 30:38 | Build | Barracks |
| 30:39 | Build | Barracks |
| 31:41 | Build | Stone Wall |
| 32:16 | Age | Castle Age |
| 32:20 | Build | Castle |
| 33:14 | Research | Town Patrol |
| 33:22 | Create | Spearman ×2 |
| 33:22 | Create | Spearman ×2 |
| 34:03 | Build | Town Center |
| 35:17 | Create | Villager (Male) ×2 |
| 35:18 | Create | Villager (Male) ×2 |
| 36:03 | Build | Gate |
| 37:28 | Build | Farm |
| 37:54 | Research | Heavy Plow |
| 38:25 | Create | Spearman ×5 |
| 38:25 | Create | Spearman ×5 |
| 39:52 | Create | Villager (Male) ×3 |
| 40:15 | Create | Villager (Male) |
Build order — MadruGangster
103 actions detected in the replay
| 0:09 | Build | House |
| 0:10 | Build | House |
| 0:11 | Build | House |
| 0:14 | Research | Loom |
| 0:16 | Create | Villager (Male) ×4 |
| 1:44 | Create | Villager (Male) |
| 2:05 | Create | Villager (Male) |
| 2:43 | Create | Villager (Male) |
| 3:10 | Create | Villager (Male) |
| 3:13 | Create | Villager (Male) |
| 3:56 | Create | Villager (Male) ×2 |
| 4:33 | Create | Villager (Male) |
| 4:47 | Create | Villager (Male) |
| 5:01 | Create | Villager (Male) |
| 5:09 | Create | Villager (Male) |
| 5:36 | Build | Mill |
| 5:49 | Create | Villager (Male) |
| 5:52 | Research | Loom |
| 6:07 | Build | Lumber Camp |
| 7:10 | Build | House |
| 7:13 | Create | Villager (Male) |
| 7:16 | Create | Villager (Male) |
| 8:36 | Build | Mining Camp |
| 8:45 | Create | Villager (Male) |
| 9:18 | Create | Villager (Male) |
| 9:58 | Research | Feudal Age |
| 10:01 | Create | Villager (Male) |
| 11:36 | Create | Villager (Male) |
| 11:53 | Create | Villager (Male) ×5 |
| 11:54 | Create | Villager (Male) |
| 12:18 | Build | Market |
| 12:26 | Build | Blacksmith |
| 12:42 | Build | House |
| 12:43 | Build | House |
| 12:45 | Build | House |
| 12:45 | Build | House |
| 12:46 | Build | House |
| 12:47 | Build | House |
| 13:04 | Research | Gold Mining |
| 13:11 | Research | Stone Mining |
| 13:15 | Research | Double-Bit Axe |
| 13:47 | Build | Stone Wall |
| 13:51 | Build | Stone Wall |
| 13:57 | Build | Stone Wall |
| 14:05 | Build | Stone Wall |
| 15:18 | Build | Farm |
| 15:19 | Build | Farm |
| 15:20 | Build | Farm |
| 15:21 | Build | Farm |
| 15:22 | Build | Farm |
| 15:24 | Build | Farm |
| 15:24 | Build | Farm |
| 15:26 | Build | Farm |
| 15:27 | Build | Farm |
| 16:35 | Build | Watch Tower |
| 17:04 | Build | Farm |
| 17:08 | Build | Farm |
| 17:10 | Research | Horse Collar |
| 17:28 | Research | Fletching |
| 18:18 | Research | Padded Archer Armor |
| 18:22 | Research | Wheelbarrow |
| 18:30 | Research | Gold Mining |
| 18:55 | Research | Castle Age |
| 19:00 | Research | Wheelbarrow |
| 19:20 | Build | Stone Wall |
| 19:25 | Build | Stone Wall |
| 20:32 | Create | Villager (Male) ×5 |
| 20:48 | Create | Villager (Male) ×2 |
| 21:29 | Build | Mining Camp |
| 22:02 | Build | University |
| 22:26 | Create | Villager (Male) |
| 22:27 | Create | Villager (Male) |
| 22:59 | Research | Fortified Wall (upgrade) |
| 23:04 | Research | Treadmill Crane |
| 23:54 | Build | Stone Wall |
| 23:57 | Build | Stone Wall |
| 24:25 | Build | Castle |
| 25:46 | Research | Leather Archer Armor |
| 25:48 | Research | Bodkin Arrow |
| 26:39 | Create | Villager (Male) ×2 |
| 26:52 | Build | Stone Wall |
| 26:55 | Build | Stone Wall |
| 27:34 | Create | Villager (Male) |
| 28:10 | Build | Stone Wall |
| 28:38 | Build | Castle |
| 29:01 | Create | Villager (Male) |
| 29:01 | Create | Villager (Male) |
| 29:01 | Create | Villager (Male) |
| 30:10 | Build | Stone Wall |
| 30:37 | Build | Stone Wall |
| 30:41 | Build | Stone Wall |
| 30:57 | Create | Organ Gun |
| 31:22 | Build | Stone Wall |
| 32:13 | Build | Gate |
| 34:44 | Create | Villager (Male) |
| 36:30 | Create | Villager (Male) ×3 |
| 37:31 | Create | Petard |
| 38:27 | Create | Villager (Male) |
| 38:55 | Build | Farm |
| 38:56 | Build | Farm |
| 38:57 | Build | Farm |
| 39:53 | Create | Villager (Male) |
| 40:05 | Build | Lumber Camp |
Build order — eduardogt75
First 150 of 151 actions detected
| 0:03 | Create | Villager (Male) ×4 |
| 0:03 | Create | Villager (Male) ×4 |
| 0:06 | Build | House |
| 0:12 | Build | House |
| 0:13 | Build | House |
| 2:12 | Build | Lumber Camp |
| 2:14 | Create | Villager (Male) |
| 2:14 | Create | Villager (Male) |
| 2:14 | Create | Villager (Male) |
| 2:43 | Create | Villager (Male) |
| 2:43 | Create | Villager (Male) |
| 3:12 | Create | Villager (Male) |
| 3:13 | Create | Villager (Male) |
| 3:13 | Create | Villager (Male) |
| 4:08 | Create | Villager (Male) |
| 4:21 | Create | Villager (Male) |
| 4:21 | Create | Villager (Male) |
| 4:54 | Create | Villager (Male) |
| 4:54 | Create | Villager (Male) |
| 5:23 | Create | Villager (Male) |
| 5:47 | Build | Lumber Camp |
| 5:52 | Create | Villager (Male) |
| 5:53 | Create | Villager (Male) |
| 5:53 | Create | Villager (Male) |
| 6:08 | Build | House |
| 6:16 | Build | House |
| 6:17 | Build | House |
| 6:30 | Create | Villager (Male) |
| 6:31 | Create | Villager (Male) |
| 6:31 | Create | Villager (Male) |
| 6:49 | Research | Loom |
| 6:49 | Create | Villager (Male) |
| 6:50 | Create | Villager (Male) |
| 6:50 | Create | Villager (Male) |
| 6:50 | Create | Villager (Male) |
| 6:51 | Create | Villager (Male) |
| 6:51 | Create | Villager (Male) |
| 6:58 | Build | Mill |
| 8:16 | Build | Mining Camp |
| 8:41 | Build | Barracks |
| 8:57 | Create | Villager (Male) |
| 9:16 | Create | Villager (Male) |
| 9:35 | Build | Mining Camp |
| 9:55 | Build | House |
| 9:57 | Build | House |
| 10:49 | Build | Mill |
| 11:00 | Research | Feudal Age |
| 11:24 | Build | Outpost |
| 13:10 | Age | Feudal Age |
| 13:13 | Create | Spearman ×2 |
| 13:22 | Build | Blacksmith |
| 13:27 | Build | Market |
| 13:36 | Research | Wheelbarrow |
| 13:41 | Research | Horse Collar |
| 13:44 | Research | Double-Bit Axe |
| 15:12 | Create | Spearman ×5 |
| 15:32 | Build | Archery Range |
| 15:33 | Build | Archery Range |
| 16:25 | Create | Villager (Male) ×5 |
| 17:18 | Build | Lumber Camp |
| 17:49 | Build | Farm |
| 17:50 | Build | Farm |
| 17:50 | Build | Farm |
| 17:51 | Build | Farm |
| 17:51 | Build | Farm |
| 17:52 | Build | Farm |
| 17:52 | Build | Farm |
| 17:53 | Build | Farm |
| 17:55 | Build | Farm |
| 17:56 | Build | Farm |
| 18:24 | Build | Farm |
| 18:24 | Build | Farm |
| 18:25 | Build | Farm |
| 18:25 | Build | Farm |
| 18:29 | Build | Farm |
| 18:45 | Build | Farm |
| 18:50 | Create | Villager (Male) |
| 19:04 | Create | Archer ×4 |
| 19:34 | Build | Farm |
| 19:34 | Build | Farm |
| 19:36 | Create | Villager (Male) |
| 19:37 | Create | Villager (Male) |
| 20:51 | Create | Spearman ×5 |
| 21:23 | Create | Archer ×5 |
| 21:44 | Build | Watch Tower |
| 22:47 | Research | Castle Age |
| 23:14 | Research | Forging |
| 23:14 | Research | Scale Mail Armor |
| 24:02 | Research | Fletching |
| 24:02 | Research | Padded Archer Armor |
| 24:29 | Research | Man-at-Arms (upgrade) |
| 24:31 | Create | Militia ×2 |
| 24:36 | Create | Archer ×5 |
| 24:36 | Create | Archer ×2 |
| 24:36 | Create | Archer ×2 |
| 24:47 | Build | Barracks |
| 24:49 | Build | Barracks |
| 25:04 | Create | Villager (Male) ×3 |
| 25:27 | Age | Castle Age |
| 25:42 | Build | Castle |
| 25:59 | Build | House |
| 26:01 | Build | House |
| 26:03 | Build | House |
| 26:04 | Build | House |
| 26:14 | Research | Pikeman (upgrade) |
| 26:15 | Research | Squires |
| 26:16 | Research | Arson |
| 26:43 | Build | University |
| 27:33 | Build | Town Center |
| 27:38 | Research | Bow Saw |
| 27:40 | Research | Heavy Plow |
| 28:07 | Research | Hand Cart |
| 28:33 | Create | Hussite Wagon ×2 |
| 28:52 | Build | Siege Workshop |
| 28:54 | Build | Siege Workshop |
| 30:25 | Create | Battering Ram |
| 30:25 | Create | Battering Ram |
| 30:25 | Create | Battering Ram |
| 31:06 | Build | Stone Wall |
| 31:20 | Research | Crossbowman (upgrade) |
| 33:54 | Research | Chemistry |
| 34:26 | Build | Gate |
| 34:54 | Create | Battering Ram |
| 35:02 | Create | Hussite Wagon |
| 35:02 | Create | Hussite Wagon |
| 35:13 | Create | Villager (Male) ×5 |
| 35:13 | Create | Villager (Male) ×5 |
| 35:14 | Create | Villager (Male) ×5 |
| 35:14 | Create | Villager (Male) ×5 |
| 35:32 | Create | Villager (Male) ×5 |
| 35:33 | Create | Villager (Male) ×5 |
| 35:33 | Create | Villager (Male) ×5 |
| 35:39 | Build | Farm |
| 35:39 | Build | Farm |
| 35:39 | Build | Farm |
| 35:40 | Build | Farm |
| 35:40 | Build | Farm |
| 35:40 | Build | Farm |
| 35:41 | Build | Farm |
| 35:41 | Build | Farm |
| 35:41 | Build | Farm |
| 35:42 | Build | Farm |
| 36:16 | Build | Mining Camp |
| 36:21 | Research | Bodkin Arrow |
| 36:49 | Create | Spearman ×5 |
| 36:49 | Create | Spearman ×5 |
| 36:49 | Create | Spearman ×5 |
| 36:50 | Create | Spearman ×3 |
| 37:53 | Research | Ballistics |
| 37:53 | Research | Treadmill Crane |
Build order — guilleaj
First 150 of 194 actions detected
| 0:11 | Create | Villager (Male) ×4 |
| 0:18 | Build | House |
| 0:22 | Build | House |
| 0:23 | Build | House |
| 0:24 | Build | House |
| 0:34 | Research | Loom |
| 1:46 | Build | Mill |
| 1:59 | Create | Villager (Male) |
| 2:28 | Create | Villager (Male) |
| 2:48 | Create | Villager (Male) |
| 3:19 | Create | Villager (Male) |
| 3:41 | Create | Villager (Male) |
| 4:15 | Create | Villager (Male) |
| 4:37 | Create | Villager (Male) |
| 4:47 | Create | Villager (Male) |
| 5:07 | Create | Villager (Male) |
| 5:42 | Create | Villager (Male) ×2 |
| 6:00 | Build | Lumber Camp |
| 6:23 | Create | Villager (Male) |
| 6:24 | Create | Villager (Male) |
| 7:47 | Create | Villager (Male) |
| 7:48 | Create | Villager (Male) |
| 8:22 | Build | Mining Camp |
| 8:26 | Build | House |
| 8:32 | Build | House |
| 9:03 | Create | Villager (Male) |
| 9:04 | Create | Villager (Male) |
| 9:16 | Create | Villager (Male) |
| 9:40 | Research | Feudal Age |
| 10:10 | Build | Barracks |
| 10:16 | Build | House |
| 10:18 | Build | House |
| 10:20 | Build | House |
| 10:24 | Build | House |
| 10:36 | Create | Villager (Male) ×5 |
| 11:47 | Build | Farm |
| 11:56 | Build | Farm |
| 12:28 | Age | Feudal Age |
| 12:29 | Research | Double-Bit Axe |
| 12:30 | Research | Double-Bit Axe |
| 13:12 | Build | Mill |
| 13:48 | Create | Villager (Male) |
| 14:13 | Create | Villager (Male) |
| 14:13 | Create | Villager (Male) |
| 14:18 | Build | Farm |
| 14:19 | Build | Farm |
| 14:35 | Build | Farm |
| 14:48 | Build | Farm |
| 14:48 | Build | Farm |
| 14:58 | Create | Villager (Male) |
| 15:44 | Build | Barracks |
| 15:52 | Create | Villager (Male) |
| 15:53 | Create | Villager (Male) |
| 15:53 | Create | Villager (Male) |
| 16:00 | Build | Farm |
| 16:03 | Build | Farm |
| 16:04 | Build | Farm |
| 16:08 | Research | Man-at-Arms (upgrade) |
| 16:10 | Create | Militia ×5 |
| 16:40 | Create | Militia |
| 16:42 | Create | Militia |
| 16:45 | Create | Militia |
| 17:01 | Build | Farm |
| 17:01 | Build | Farm |
| 17:05 | Create | Villager (Male) |
| 17:12 | Build | Blacksmith |
| 17:23 | Build | Market |
| 17:44 | Build | Mining Camp |
| 18:12 | Research | Arson |
| 18:18 | Create | Militia |
| 18:18 | Create | Militia |
| 18:30 | Research | Stone Mining |
| 18:34 | Create | Villager (Male) |
| 18:35 | Create | Villager (Male) |
| 18:35 | Create | Villager (Male) |
| 18:42 | Build | Farm |
| 18:42 | Build | Farm |
| 18:43 | Build | Farm |
| 18:52 | Build | House |
| 18:57 | Build | House |
| 18:57 | Build | House |
| 18:57 | Build | House |
| 18:58 | Build | House |
| 18:58 | Build | House |
| 18:58 | Build | House |
| 18:59 | Build | House |
| 19:03 | Research | Scale Mail Armor |
| 19:20 | Create | Militia |
| 19:20 | Create | Militia |
| 19:39 | Build | House |
| 19:39 | Build | House |
| 19:40 | Build | House |
| 19:40 | Build | House |
| 19:42 | Build | House |
| 19:42 | Build | House |
| 19:45 | Research | Town Watch |
| 19:50 | Create | Villager (Male) |
| 21:06 | Create | Villager (Male) |
| 21:07 | Create | Villager (Male) |
| 21:14 | Build | Farm |
| 21:23 | Build | Farm |
| 21:23 | Build | Farm |
| 21:31 | Research | Gold Mining |
| 21:57 | Build | Watch Tower |
| 22:01 | Build | Archery Range |
| 22:13 | Build | Farm |
| 22:18 | Create | Villager (Male) |
| 22:18 | Create | Villager (Male) |
| 22:29 | Build | Mill |
| 22:34 | Build | Farm |
| 22:34 | Build | Farm |
| 23:04 | Create | Skirmisher ×5 |
| 23:20 | Build | Outpost |
| 23:21 | Build | Outpost |
| 23:23 | Build | Outpost |
| 23:28 | Build | Farm |
| 23:31 | Research | Castle Age |
| 24:22 | Build | Watch Tower |
| 25:29 | Build | Barracks |
| 25:42 | Create | Archer |
| 25:43 | Create | Archer |
| 25:43 | Create | Archer |
| 25:43 | Create | Archer |
| 25:43 | Create | Archer |
| 26:02 | Build | Farm |
| 26:06 | Research | Forging |
| 26:11 | Age | Castle Age |
| 26:18 | Research | Long Swordsman (upgrade) |
| 26:18 | Research | Gambesons |
| 26:19 | Research | Squires |
| 26:32 | Create | Militia ×5 |
| 26:51 | Build | Castle |
| 27:25 | Research | Town Patrol |
| 27:31 | Create | Villager (Male) ×5 |
| 27:37 | Research | Horse Collar |
| 27:49 | Create | Militia ×5 |
| 28:25 | Research | Heavy Plow |
| 28:31 | Research | Chain Mail Armor |
| 28:39 | Build | Mining Camp |
| 29:06 | Build | Siege Workshop |
| 29:18 | Create | Berserk ×5 |
| 29:49 | Create | Battering Ram |
| 29:49 | Create | Battering Ram |
| 30:01 | Create | Villager (Male) ×5 |
| 30:20 | Create | Berserk ×5 |
| 30:55 | Build | Stone Wall |
| 32:11 | Create | Petard |
| 32:12 | Create | Petard |
| 32:22 | Build | Siege Workshop |
| 32:31 | Create | Villager (Male) ×5 |
Match timeline
| 8:41 | eduardogt75 · first_building Barracks |
| 9:48 | helô · age_up feudal |
| 10:10 | guilleaj · first_building Barracks |
| 12:28 | guilleaj · age_up feudal |
| 13:10 | eduardogt75 · age_up feudal |
| 13:47 | MadruGangster · wall_segment Stone Wall x10 |
| 13:51 | MadruGangster · wall_segment Stone Wall x19 |
| 13:57 | MadruGangster · wall_segment Stone Wall x10 |
| 14:05 | MadruGangster · wall_segment Stone Wall x27 |
| 15:32 | eduardogt75 · first_building Archery Range |
| 17:14 | helô · first_building Barracks |
| 18:42 | MadruGangster · first_market_sell 100 wood |
| 18:47 | MadruGangster · first_market_buy 100 food |
| 19:20 | MadruGangster · wall_segment Stone Wall x14 |
| 19:25 | MadruGangster · wall_segment Stone Wall x22 |
| 21:01 | helô · wall_segment Stone Wall x26 |
| 22:01 | guilleaj · first_building Archery Range |
| 23:54 | MadruGangster · wall_segment Stone Wall x4 |
| 23:57 | MadruGangster · wall_segment Stone Wall x9 |
| 23:57 | helô · first_market_sell 100 wood |
| 24:04 | helô · first_market_buy 100 food |
| 24:25 | MadruGangster · first_building Castle |
| 24:49 | helô · wall_segment Stone Wall x20 |
| 25:27 | eduardogt75 · age_up castle |
| 25:42 | eduardogt75 · first_building Castle |
| 26:11 | guilleaj · age_up castle |
| 26:28 | helô · wall_segment Stone Wall x33 |
| 26:51 | guilleaj · first_building Castle |
| 26:52 | MadruGangster · wall_segment Stone Wall x1 |
| 26:55 | MadruGangster · wall_segment Stone Wall x1 |
| 27:39 | helô · wall_segment Stone Wall x20 |
| 28:10 | MadruGangster · wall_segment Stone Wall x1 |
| 28:52 | eduardogt75 · first_building Siege Workshop |
| 29:06 | guilleaj · first_building Siege Workshop |
| 30:10 | MadruGangster · wall_segment Stone Wall x4 |
| 30:37 | MadruGangster · wall_segment Stone Wall x4 |
| 30:41 | MadruGangster · wall_segment Stone Wall x8 |
| 30:55 | guilleaj · wall_segment Stone Wall x6 |
| 31:06 | eduardogt75 · wall_segment Stone Wall x4 |
| 31:22 | MadruGangster · wall_segment Stone Wall x8 |
| 31:41 | helô · wall_segment Stone Wall x25 |
| 32:16 | helô · age_up castle |
| 32:20 | helô · first_building Castle |
| 34:16 | guilleaj · first_building Monastery |
| 37:49 | guilleaj · age_up imperial |
| 40:32 | helô · resign |
[ AI ANALYSIS · 1 CREDIT ]
What really happened in this match?
Wolo.gg analyzes every decision: build order, eco, micro, common mistakes by bracket. Personalized analysis on WhatsApp or Discord in 30 seconds.
Civ guide
Teutons
Perfil
helô